 Dungeon Crawl Stone Soup version 0.19.1-1-g22dce08 (webtiles) character file.

2858 HessuHobo the Quickloader (level 9, -3/67 HPs)
             Began as a Centaur Hunter on Dec 28, 2016.
             Was an Initiate of Okawaru.
             Slain by an orc warrior
             ... wielding a +2 battleaxe of electrocution
              (5 damage)
             ... on level 8 of the Dungeon.
             The game lasted 00:28:34 (8759 turns).

HessuHobo the Quickloader (Centaur Hunter)          Turns: 8759, Time: 00:28:34

Health: -3/67      AC: 10    Str: 14    XL:     9   Next: 47%
Magic:  9/9        EV:  7    Int: 10    God:    Okawaru [......]
Gold:   432        SH:  4    Dex: 14    Spells: 0 memorised, 8 levels left

rFire  + + .     SeeInvis .     a - +3 hand crossbow
rCold  x . .     Gourm    .     s - +1 fire dragon scales
rNeg   . . .     Faith    +     (no shield)
rPois  .         Spirit   .     (no helmet)
rElec  .         Reflect  .     H - +0 cloak
rCorr  .         Harm     .     i - +0 pair of gloves
MR     .....                    (no barding)
Stlth  ..........               g - amulet of faith
                                (no ring)
                                (no ring)

@: very quick
A: hooves 3, large bone plates 1, deformed body, speed 2, tough skin 3
a: Renounce Religion


You were on level 8 of the Dungeon.
You worshipped Okawaru.
Okawaru was noncommittal.
You were not hungry.

You visited 2 branches of the dungeon, and saw 9 of its levels.
You also visited: Sewer and Ossuary.

You collected 553 gold pieces.
You spent 121 gold pieces at shops.

Inventory:

Hand Weapons
 a - a +3 hand crossbow (weapon)
 b - a +0 short sword
 e - a +1 flail of venom
 t - a +0 whip
 B - a +2 dire flail of holy wrath
 F - a +4 morningstar of flaming
Armour
 c - a +0 leather armour
 i - a +0 pair of gloves (worn)
 s - +1 fire dragon scales (worn)
 y - a +0 leather armour
 H - a +0 cloak (worn)
Jewellery
 g - an amulet of faith (around neck)
 w - an uncursed ring of wizardry {unknown}
 E - an uncursed ring of protection from magic {unknown}
Wands
 d - a wand of iceblast (6/15)
Scrolls
 h - 3 scrolls of recharging
 j - 6 scrolls of identify
 o - 8 scrolls of teleportation
 u - a scroll of fear
 v - 2 scrolls of noise
 A - a scroll of blinking
 K - a scroll of amnesia
 M - 3 scrolls of random uselessness
 O - a scroll of immolation
Potions
 k - 5 potions of curing
 m - 3 potions of might
 p - 4 potions of brilliance
 q - 3 potions of lignification
 r - 2 potions of haste
 C - a potion of agility {unknown}
 G - a potion of mutation {unknown}
 I - 3 potions of degeneration {unknown}
 J - a potion of cancellation {unknown}
 N - a potion of ambrosia
 Q - a potion of heal wounds
Comestibles
 f - 4 bread rations
 l - a beef jerky
 x - a meat ration
 D - a slice of pizza
 L - a fruit


   Skills:
 - Level 2.0 Fighting
 - Level 1.9 Maces & Flails
 + Level 14.0 Crossbows
 - Level 0.2 Armour
 - Level 1.3 Dodging
 - Level 0.4 Stealth


You had 8 spell levels left.
You didn't know any spells.

Dungeon Overview and Level Annotations

Branches:
Dungeon (8/15)             Temple (1/1) D:4
   Lair: D:8-11

Altars:
Ashenzari
Cheibriados
Dithmenos
Elyvilon
Fedhas
Gozag
Hepliaklqana
Kikubaaqudgha
Makhleb
Nemelex Xobeh
Okawaru
Qazlal
Ru
Sif Muna
Trog
Uskayaw
Vehumet
Xom
Yredelemnul
Zin
The Shining One

Shops:
D:5 !   D:6 *


Innate Abilities, Weirdness & Mutations

You have hooves in place of feet.
Armour fits poorly on your strangely shaped body.
You cover ground very quickly.
You have extremely tough skin. (AC +3)
You are partially covered in large bone plates. (SH +4)


Message History

Aim: an orc warrior, wielding a battleaxe of electrocution and wearing a chain mail (almost dead)
You shoot a bolt. The bolt hits the orc warrior.
The orc warrior is almost dead.
The orc warrior hits you but does no damage.
You block the ogre's attack.
Firing (i - inventory):
P - 2 bolts (quivered)
Press: ? - help, Shift-Dir - straight line, f/p - orc warrior
Aim: an orc warrior, wielding a battleaxe of electrocution and wearing a chain mail (almost dead)
You shoot a bolt.
The bolt hits the orc warrior but does no damage.
The orc warrior is almost dead.
The orc warrior completely misses you. The ogre barely misses you.
Firing (i - inventory):
P - a bolt (quivered)
Press: ? - help, Shift-Dir - straight line, f/p - orc warrior
Aim: an orc warrior, wielding a battleaxe of electrocution and wearing a chain mail (almost dead)
You shoot a bolt.
The bolt hits the orc warrior but does no damage.
The orc warrior is almost dead.
The orc warrior hits you with a battleaxe of electrocution.
You die...

#. #.# #. #.# #.
#.# #. #.# #. #.#
#. #.#
#O##############.##
#.@o(.((.((.(..(.[.
###############.)##
#.## #.# #.# #.#
#.# #.# #.###


You could see an orc warrior and an ogre.

Vanquished Creatures
  Joseph (D:7)
  A hippogriff (D:6)
  Edmund (D:5)
  An orc warrior (D:6)
  A sky beast (D:6)
  A phantom (D:4)
  A hornet zombie (D:7)
  2 centaurs
  2 ogres
  A big kobold (D:8)
  2 bullfrogs
  2 wights (D:7)
  A howler monkey (D:5)
  3 crimson imps
  A jelly (D:8)
  5 hounds
  2 gnoll shamans
  A centaur skeleton (D:5)
  3 iguanas
  Terence (D:3)
  4 orc wizards
  5 worker ants
  9 mummies
  8 adders
  17 gnolls
  3 river rats (Sewer)
  3 shadow imps
  3 oozes
  An adder skeleton (D:7)
  2 worms
  3 dart slugs
  7 leopard geckos
  15 orcs
  5 ball pythons
  12 giant cockroaches
  9 goblins
  6 hobgoblins
  10 jackals
  5 quokkas
  8 bats
  10 frilled lizards
  A gnoll zombie (Ossuary)
  A goblin zombie (D:6)
  2 hobgoblin zombies
  13 kobolds
  3 kobold zombies (Ossuary)
  A leopard gecko skeleton (D:5)
  3 orc zombies (Ossuary)
  19 rats
221 creatures vanquished.

Notes
Turn   | Place    | Note
-------+----------+-------------------------------------------
     0 | D:1      | HessuHobo the Centaur Hunter began the quest for the Orb.
     0 | D:1      | Reached XP level 1. HP: 17/17 MP: 1/1
   266 | D:1      | Reached skill level 5 in Crossbows
   266 | D:1      | Reached XP level 2. HP: 24/24 MP: 2/2
   512 | D:1      | Reached XP level 3. HP: 26/29 MP: 3/3
  1253 | D:2      | Reached skill level 6 in Crossbows
  1253 | D:2      | Reached XP level 4. HP: 36/36 MP: 4/4
  1453 | D:2      | Found a burning altar of Makhleb.
  1727 | D:3      | Found a glowing drain.
  1772 | Sewer    | Entered a sewer
  1977 | Sewer    | Reached skill level 7 in Crossbows
  1977 | Sewer    | Reached XP level 5. HP: 32/41 MP: 5/5
  2398 | D:3      | Found a stormy altar of Qazlal.
  2400 | D:3      | Noticed an air elemental
  2402 | D:3      | Noticed a fire elemental
  2402 | D:3      | Noticed a water elemental
  2520 | D:3      | Noticed Terence
  2541 | D:3      | Killed Terence
  3009 | D:3      | Gained mutation: You are partially covered in large bone plates. (SH +4) [potion of beneficial mutation]
  3130 | D:4      | Found a staircase to the Ecumenical Temple.
  3133 | Temple   | Entered the Ecumenical Temple
  3272 | D:4      | Reached XP level 6. HP: 45/48 MP: 6/6
  3311 | D:4      | Reached skill level 8 in Crossbows
  3776 | D:4      | Reached skill level 9 in Crossbows
  3794 | D:4      | Reached XP level 7. HP: 19/55 MP: 7/7
  4120 | D:5      | Entered Level 5 of the Dungeon
  4210 | D:5      | Found Sargh's Distillery.
  4245 | D:5      | Bought a potion of curing for 36 gold pieces
  4534 | D:5      | Noticed Edmund
  4572 | D:5      | Killed Edmund
  4572 | D:5      | Reached skill level 10 in Crossbows
  5446 | D:6      | Reached XP level 8. HP: 61/61 MP: 8/8
  5539 | D:6      | Reached skill level 11 in Crossbows
  5902 | D:6      | Found a sand-covered staircase.
  5927 | Ossuary  | Entered an ossuary
  6011 | Ossuary  | Reached skill level 12 in Crossbows
  6844 | D:6      | Found Zuehutee's General Store.
  6856 | D:6      | Bought a scroll of immolation for 35 gold pieces
  6856 | D:6      | Bought a meat ration for 50 gold pieces
  6930 | D:6      | Reached skill level 1 in Maces & Flails
  7019 | D:7      | Noticed a hippogriff
  7034 | D:6      | Killed a hippogriff
  7034 | D:6      | Reached XP level 9. HP: 40/67 MP: 9/9
  7242 | D:7      | Reached skill level 13 in Crossbows
  7544 | D:7      | Found an ancient bone altar of Kikubaaqudgha.
  7546 | D:7      | Found a glowing silver altar of Zin.
  7698 | D:7      | Found an iron altar of Okawaru.
  7755 | D:7      | Noticed Joseph
  7774 | D:7      | Killed Joseph
  8218 | D:7      | Found a sparkling altar of Nemelex Xobeh.
  8517 | D:7      | Became a worshipper of Warmaster Okawaru
  8597 | D:8      | Reached skill level 14 in Crossbows
  8755 | D:8      | HP: 1/67 [orc warrior/battleaxe of electrocution (12)]
  8759 | D:8      | Slain by an orc warrior

Skill      XL: |  1  2  3  4  5  6  7  8  9 |
---------------+----------------------------+-----
Crossbows      | 5 6 7 9 10 12 14 | 14.0
Maces & Flails | 1 |  1.9
Fighting       | |  2.0
Armour         | |  0.2
Dodging        | |  1.3
Stealth        | |  0.4

Action                   |  1- 3 |  4- 6 |  7- 9 || total
-------------------------+-------+-------+-------++-------
Melee: Hand crossbow     |       |     2 |       ||     2
       Morningstar       |       |       |    33 ||    33
       Kick              |       |       |     6 ||     6
 Fire: Hand crossbow     |    85 |   241 |   347 ||   673
  Use: Scroll            |       |     9 |     6 ||    15
       Potion            |       |     9 |       ||     9
  Eat: Chunk             |       |     5 |     9 ||    14
       Pizza             |       |     1 |       ||     1
       Meat ration       |       |       |     1 ||     1
Armor: Leather armour    |     9 |    27 |     1 ||    37
       Fire dragon scale |       |       |    53 ||    53
Dodge: Dodged            |    11 |    30 |    47 ||    88
Block: Other             |       |     1 |    28 ||    29
